 Dungeon Crawl Stone Soup version 0.26.1-2-gb8aa6d0cf2 (webtiles) character file.

Game seed: 911369116657758932

352 sizableburger the Slasher (level 6, -3/36 HPs)
             Began as a Deep Elf Fighter on Feb 13, 2021.
             Slain by a bullfrog (5 damage)
             ... in a sewer.
             The game lasted 00:08:45 (3229 turns).

sizableburger the Slasher (Deep Elf Fighter)        Turns: 3229, Time: 00:08:46

Health: -3/36      AC: 10    Str: 15    XL:     6   Next: 34%
Magic:  8/8        EV:  9    Int: 15    God:
Gold:   137        SH:  6    Dex: 14    Spells: 5/5 levels left

rFire    . . .     SeeInvis .   a - +1 long sword
rCold    + . .     Faith    .   l - +1 buckler
rNeg     . . .     Spirit   .   b - +0 scale mail
rPois    .         Reflect  .   (no helmet)
rElec    .         Harm     .   (no cloak)
rCorr    .         Rampage  .   (no gloves)
Will     .....                  (no boots)
Stlth    ..........             (no amulet)
HPRegen  0.12/turn              h - ring of protection from cold
MPRegen  0.11/turn              q - +4 ring of protection

@: no status effects
A: clever 1, wild magic 1
a: no special abilities


You were in a sewer.
You visited 1 branch of the dungeon, and saw 3 of its levels.
You also visited: Sewer.

You collected 137 gold pieces.

Inventory:

Hand Weapons
 a - a +1 long sword (weapon)
Armour
 b - a +0 scale mail (worn)
 c - a +0 kite shield
 l - a +1 buckler (worn)
Jewellery
 h - a ring of protection from cold (left hand)
 j - a +6 ring of dexterity
 q - a +4 ring of protection (right hand)
Scrolls
 i - a scroll of magic mapping
 k - a scroll of fog
Potions
 d - 2 potions of flight
 e - 3 potions of brilliance
 f - 2 potions of magic


   Skills:
 - Level 2.4 Fighting
 + Level 5.1 Long Blades
 - Level 2.4 Armour
 - Level 4.0 Shields


You had 5 spell levels left.
You didn't know any spells.
Your spell library was empty.

Dungeon Overview and Level Annotations

Branches:
Dungeon (3/15)              Sewer (1/1)

Altars:
Kikubaaqudgha
Makhleb
Xom
Zin


Innate Abilities, Weirdness & Mutations

Your mind is acute. (Int +2)
Your spells are a little harder to cast, but a little more powerful.


Message History

The bullfrog hits you but does no damage. x2
The bullfrog hits you.
* * * LOW HITPOINT WARNING * * *
Okay, then.
Okay, then.
You aren't carrying any items that you can evoke.
Sorry, you're not good enough to have a special ability.
You slash the bullfrog!
You kill the bullfrog!
The bullfrog hits you but does no damage.
Your Long Blades skill increases to level 5!
You barely miss the bullfrog.
The bullfrog is heavily wounded.
The bullfrog completely misses you.
You riposte.
You slash the bullfrog!
The bullfrog is severely wounded.
The bullfrog hits you but does no damage.
You barely miss the bullfrog.
The bullfrog is severely wounded.
The bullfrog hits you.
You die...

##...## #...#####
#..†.'..# #....#..#
##...####
#....##################
#.....#≈≈≈≈≈≈≈≈≈≈≈≈≈≈≈#
##....≈≈≈≈≈≈≈≈≈≈≈≈≈≈≈≈.
#....@†≈≈≈≈≈≈≈≈≈≈≈≈≈#.
#.....F≈≈≈≈≈≈≈≈#≈≈≈≈≈≈
##...≈≈≈≈≈≈≈≈..†#
###.#≈≈≈≈≈≈≈≈≈≈≈≈≈≈≈#
###################


You could see a bullfrog.

Vanquished Creatures
  A bullfrog (Sewer)
  12 adders
  7 river rats (Sewer)
  3 worms
  4 dart slugs
  6 leopard geckos
  An orc (D:3)
  10 ball pythons (Sewer)
  6 giant cockroaches
  11 goblins
  4 hobgoblins
  A quokka (D:2)
  4 bats
  6 frilled lizards
  8 kobolds
  27 rats
111 creatures vanquished.

Notes
Turn   | Place    | Note
-------+----------+-------------------------------------------
     0 | D:1      | sizableburger the Deep Elf Fighter began the quest for the
                  | Orb.
     0 | D:1      | Reached XP level 1. HP: 13/13 MP: 3/3
    49 | D:1      | Reached skill level 2 in Long Blades
   279 | D:1      | Reached XP level 2. HP: 18/18 MP: 4/4
   777 | D:2      | Reached XP level 3. HP: 13/22 MP: 5/5
  1149 | D:2      | Reached skill level 3 in Long Blades
  1296 | D:2      | Reached XP level 4. HP: 27/27 MP: 6/6
  1317 | D:2      | Found a burning altar of Makhleb.
  1761 | D:2      | Found an ancient bone altar of Kikubaaqudgha.
  2130 | D:3      | Noticed an angel
  2131 | D:3      | Found a shimmering altar of Xom.
  2136 | D:3      | Found a glowing silver altar of Zin.
  2188 | D:3      | Found a glowing drain.
  2204 | Sewer    | Entered a sewer
  2246 | Sewer    | Reached XP level 5. HP: 23/31 MP: 7/7
  2663 | Sewer    | Reached skill level 4 in Long Blades
  3194 | Sewer    | Gained mutation: Your spells are a little harder to cast,
                  | but a little more powerful. [potion of mutation]
  3194 | Sewer    | Gained mutation: Your mind is acute. (Int +2) [potion of
                  | mutation]
  3199 | Sewer    | Reached XP level 6. HP: 25/36 MP: 8/8
  3226 | Sewer    | HP: 1/36 [bullfrog (5)]
  3228 | Sewer    | Reached skill level 5 in Long Blades
  3229 | Sewer    | Slain by a bullfrog

Illustrated notes

Levels and vault maps discovered:
D:1:      dpeg_arrival_radiant, layout_rooms
D:2:      layout_loops_ring, lightli_temple_of_fire,
          nicolae_overflow_hidden_temple, st_stairs_10, minmay_misc_feat_room
D:3:      cheibrodos_helix_gallery, layout_rooms,
          grunt_temple_overflow_order_and_chaos_1, gup_sewer_entry_pipe
Sewer:    sewer_minmay_w

Skill      XL: |  1  2  3  4  5  6 |
---------------+-------------------+-----
Long Blades    | 2 3 4 5 |  5.1
Shields        | 3 4 |  4.0
Fighting       | |  2.4
Armour         | |  2.4

Action                   |  1- 3 |  4- 6 || total
-------------------------+-------+-------++-------
Melee: Long sword        |   101 |   194 ||   295
  Use: Scroll            |       |    10 ||    10
       Potion            |       |     8 ||     8
Armor: Scale mail        |    38 |   111 ||   149
       Skin              |       |    74 ||    74
Dodge: Dodged            |    35 |    89 ||   124
Block: Kite shield       |    12 |       ||    12
       Buckler           |    31 |    87 ||   118
       Rpst.: Long sword |    11 |    33 ||    44
